Map: Hielo y cromo EE

Players

siremort

  • Race: Terran Terran
  • League: Gold
  • Spawn Location: 7:00

MrFercho - Winner!

  • Race: Zerg Zerg
  • League: Gold
  • Spawn Location: 1:00

VOD

Have the link to the VOD?

Description

Time

  • Played on: Aug. 18, 2020, 10:47 p.m.
  • Length: 21:08
Show
View Real Time Build Order
Export as new Build Order

siremort Terran 

Build Orders:  

Get SALT Encoding   

  12  0:01  SCV  
  13  0:13  SCV  
  14  0:21  Supply Depot  
  14  0:25  SCV  
  15  0:43  SCV  
  15  0:45  Barracks  
  16  0:52  Barracks  
  16  0:55  SCV  
  17  1:04  Supply Depot  
  17  1:09  SCV  
  18  1:18  Refinery  
  18  1:21  SCV  
  19  1:33  SCV, Marine  
  19  1:39  Marine  
  22  1:46  Orbital Command  
  22  1:50  Marine  
  23  1:57  Marine  
  24  2:08  Marine  
  24  2:14  Marine  
  26  2:16  SCV  
  27  2:26  Marine  
  28  2:32  Marine  
  28  2:33  Command Center  
  28  2:37  Bunker  
  29  2:46  Factory  
  29  2:47  SCV  
  30  2:57  Refinery  
  30  2:58  Supply Depot  
  30  2:59  SCV  
  31  3:11  Marine  
  31  3:14  Marine  
  27  3:32  Factory Reactor, Factory  
  27  3:38  SCV  
  28  3:49  Orbital Command  
  28  3:50  SCV  
  28  3:52  Refinery  
  29  3:57  Supply Depot  
  29  4:01  Supply Depot  
  29  4:02  SCV  
  30  4:10  Supply Depot  
  30  4:15  Hellion  
  32  4:18  Hellion  
  32  4:20  SCV  
  35  4:25  Factory Tech Lab  
  35  4:33  SCV  
  35  4:34  SCV  
  35  4:37  Supply Depot  
  37  4:43  Hellion  
  37  4:44  Hellion  
  41  4:47  Engineering Bay  
  41  4:53  Siege Tank  
  41  4:55  SCV  
  41  4:56  SCV  
  46  5:07  SCV  
  46  5:08  SCV, Infernal Pre-Igniter  
  48  5:16  Hellion  
  48  5:17  Hellion  
  48  5:19  Starport  
  48  5:20  Terran Infantry Weapons Level 1  
  52  5:26  Supply Depot  
  52  5:29  SCV  
  52  5:33  Missile Turret  
  53  5:39  Hellion  
  53  5:40  Hellion  
  53  5:41  Barracks Reactor, SCV, Barracks Tech Lab  
  58  5:49  SCV  
  59  5:53  SCV  
  59  5:54  Missile Turret  
  60  6:10  Armory  
  60  6:14  Starport Reactor  
  60  6:16  Starport  
  60  6:30  SCV  
  60  6:32  Refinery  
  61  6:43  SCV  
  62  6:48  Command Center  
  62  6:49  Marine x2  
  62  6:50  Stimpack, Marine  
  62  6:51  Bunker  
  62  6:52  Medivac x2  
  69  7:00  Missile Turret  
  69  7:04  Starport Tech Lab  
  69  7:22  Medivac  
  59  7:49  Supply Depot, Marine x3  
  62  7:57  SCV  
  59  7:58  SCV  
  59  8:03  Refinery, Siege Tank  
  63  8:06  Factory  
  63  8:07  Terran Ship Weapons Level 1, Marine x3  
  63  8:10  SCV x2, Terran Infantry Armor Level 1  
  63  8:12  Liberator x2  
  74  8:20  Fusion Core  
  74  8:21  Supply Depot  
  74  8:22  SCV  
  74  8:23  SCV  
  76  8:30  Combat Shield, Marine  
  76  8:31  Marine x2  
  76  8:34  SCV  
  80  8:38  Planetary Fortress  
  80  8:46  Missile Turret  
  80  8:47  Siege Tank  
  83  8:48  Marine  
  83  8:49  Marine x2  
  82  9:34  Factory Tech Lab, Siege Tank  
  85  9:40  SCV  
  85  9:45  Refinery, Marine  
  86  9:46  Missile Turret  
  86  9:48  Marine  
  86  9:49  Marine  
  86  9:51  Weapon Refit  
  89  9:53  SCV  
  89  9:55  Siege Tank  
  89  9:58  Starport  
  93  10:03  Refinery, Marine  
  93  10:05  SCV  
  93  10:06  Marine x2  
  97  10:14  Missile Turret  
  97  10:17  SCV  
  98  10:21  Marine  
  99  10:29  SCV  
  95  10:41  SCV  
  77  10:55  Marine x2  
  77  10:56  Marine  
  80  10:58  Terran Infantry Weapons Level 2  
  80  11:00  Terran Vehicle And Ship Armor Level 1  
  80  11:01  Battlecruiser  
  86  11:08  Starport Tech Lab  
  86  11:13  Marine x2  
  86  11:14  Starport  
  86  11:16  Starport  
  88  11:19  Starport  
  88  11:25  SCV  
  89  11:32  Missile Turret  
  89  11:34  Bunker  
  89  11:37  SCV  
  90  11:50  SCV, Medivac, Liberator  
  96  12:02  SCV  
  97  12:12  Starport Tech Lab  
  97  12:13  Starport Tech Lab x2  
  97  12:14  SCV  
  95  12:26  SCV, Missile Turret  
  93  12:36  Liberator  
  96  12:39  Liberator  
  96  12:42  Marine x3  
  102  12:48  Battlecruiser  
  102  12:49  Battlecruiser  
  102  12:51  Battlecruiser  
  120  13:00  Marine x3  
  120  13:01  Advanced Ballistics  
  123  13:17  Marine x2  
  125  13:24  Marine  
  125  13:25  Supply Depot  
  126  13:27  Supply Depot  
  126  13:29  Siege Tank x2  
  132  13:37  SCV  
  133  13:41  Marine  
  133  13:42  Battlecruiser  
  140  13:49  SCV  
  140  13:53  Battlecruiser  
  147  13:59  Marine  
  147  14:01  SCV  
  149  14:36  Marine  
  149  14:37  Marine x2  
  152  14:52  Missile Turret  
  152  14:54  Marine  
  152  14:55  Marine x2  
  152  14:57  Supply Depot x2  
  155  15:02  Command Center  
  155  15:12  Marine x2  
  157  15:18  Battlecruiser x2  
  169  15:29  Marine  
  169  15:34  Supply Depot  
  170  15:37  Supply Depot  
  170  15:50  Armory  
  170  15:56  Battlecruiser x2  
  147  16:15  Refinery  
  100  17:35  Refinery  
  52  18:45  Supply Depot  
  52  19:06  Barracks  
Show
View Real Time Build Order
Export as new Build Order

MrFercho Zerg - Winner!

Build Orders: Hatch First, Lurkers 

Get SALT Encoding   

  12  0:00  Drone  
  13  0:15  Overlord  
  13  0:18  Drone  
  14  0:33  Drone x2  
  16  0:50  Hatchery  
  16  0:51  Drone  
  16  0:55  Drone  
  17  0:58  Drone  
  18  1:09  Extractor  
  17  1:16  Spawning Pool  
  16  1:19  Drone  
  16  1:21  Drone  
  18  1:31  Drone  
  19  1:47  Drone  
  20  1:53  Drone  
  21  2:02  Overlord  
  21  2:06  Drone  
  22  2:12  Queen x2  
  22  2:15  Zergling x4  
  28  2:25  Overlord x2  
  28  2:36  Drone  
  29  2:37  Spine Crawler  
  29  2:38  Metabolic Boost  
  29  2:42  Drone  
  29  2:45  Drone  
  30  3:05  Zergling x6  
  31  3:15  Zergling x2  
  31  3:16  Zergling x2  
  31  3:20  Queen  
  33  3:30  Drone  
  33  3:31  Drone x3  
  37  3:42  Drone x2  
  37  3:45  Lair  
  39  3:56  Queen  
  39  3:59  Evolution Chamber  
  39  4:00  Drone x3  
  43  4:09  Overlord  
  43  4:33  Zerg Missile Weapons Level 1, Drone  
  43  4:34  Drone x8  
  52  4:43  Extractor  
  52  4:44  Extractor  
  50  4:46  Hydralisk Den  
  50  4:49  Drone x3  
  52  4:55  Pneumatized Carapace  
  52  5:24  Grooved Spines  
  52  5:27  Overlord x2  
  51  5:37  Hatchery  
  51  5:39  Hatchery, Drone x2  
  51  5:41  Extractor  
  51  5:42  Drone  
  51  5:49  Drone  
  52  6:01  Hatchery  
  51  6:07  Drone, Baneling Nest  
  51  6:08  Overseer  
  51  6:10  Overseer  
  51  6:25  Evolution Chamber  
  50  6:28  Evolution Chamber  
  49  6:35  Muscular Augments  
  49  6:49  Zergling x14  
  49  6:51  Zerg Missile Weapons Level 2  
  49  6:53  Zerg Melee Weapons Level 1  
  56  6:54  Drone  
  56  6:55  Drone  
  56  6:56  Centrifical Hooks  
  58  7:13  Hydralisk x6  
  62  7:42  Zergling x24  
  74  7:49  Zergling x4  
  74  7:50  Zergling x12  
  82  7:51  Drone x3  
  82  7:53  Overlord x4  
  85  8:10  Queen  
  85  8:11  Queen  
  89  8:17  Infestation Pit  
  88  8:21  Lurker Den  
  87  8:32  Drone x4  
  87  8:33  Drone x11  
  102  8:46  Queen  
  104  8:53  Zerg Melee Weapons Level 2  
  104  8:55  Zerg Ground Armor Level 1  
  104  9:00  Hydralisk x7  
  110  9:39  Extractor  
  110  9:41  Extractor  
  110  9:44  Spore Crawler  
  107  9:45  Spine Crawler  
  107  9:47  Drone x2  
  107  9:48  Spine Crawler x2, Drone x2  
  107  9:50  Drone  
  107  9:51  Drone x2  
  107  9:52  Drone x3  
  114  9:53  Overlord x2  
  114  9:56  Lurker x4  
  114  9:59  Hive  
  118  10:04  Spire  
  117  10:11  Spore Crawler  
  117  10:13  Spore Crawler  
  115  10:15  Spore Crawler  
  115  10:17  Drone x3  
  61  10:50  Hydralisk x12  
  61  10:51  Hydralisk x3  
  91  11:01  Drone x3  
  91  11:02  Drone x2  
  91  11:03  Drone  
  97  11:08  Drone x3  
  97  11:09  Drone x4  
  97  11:10  Drone  
  97  11:11  Drone  
  106  11:12  Queen  
  106  11:13  Queen  
  106  11:14  Queen  
  112  11:22  Zergling x22  
  123  11:29  Greater Spire  
  123  11:31  Seismic Spines  
  123  11:39  Overlord  
  123  11:59  Hatchery  
  120  12:28  Adaptive Talons  
  117  12:38  Hydralisk x11  
  117  12:39  Hydralisk  
  141  12:44  Overlord x4  
  141  12:45  Overlord  
  141  12:53  Adrenal Glands  
  141  12:56  Zerg Flyer Weapons Level 1  
  141  13:07  Drone  
  141  13:08  Drone x11  
  141  13:10  Corruptor x3  
  159  13:17  Lurker x5  
  159  13:19  Baneling  
  164  13:20  Baneling x3  
  164  13:32  Extractor  
  163  13:34  Extractor  
  163  13:35  Queen  
  164  14:04  Brood Lord x3, Hydralisk  
  164  14:05  Hydralisk x5  
  164  14:07  Zergling x4  
  164  14:08  Zergling x8  
  164  14:09  Overlord x2  
  188  14:17  Zerg Missile Weapons Level 3  
  188  15:08  Zergling x24  
  200  15:39  Zerg Melee Weapons Level 3, Zerg Ground Armor Level 2  
  174  16:07  Hydralisk x10  
  174  16:08  Hydralisk x3  
  182  16:22  Spine Crawler  
  182  16:23  Spine Crawler  
  180  16:26  Spore Crawler  
  180  16:27  Zergling x2, Spine Crawler  
  180  16:28  Zergling x16  
  183  16:40  Overlord x2  
  183  16:41  Overlord x4  
  171  17:01  Hydralisk x13  
  161  17:02  Hydralisk x2  
  189  17:11  Queen  
  191  17:18  Zergling x2  
  191  17:19  Zergling x16  
  196  17:24  Spore Crawler  
  196  17:26  Hydralisk x3  
  125  17:58  Corruptor  
  125  17:59  Corruptor x11  
  125  18:05  Zergling x4  
  132  18:29  Spawning Pool  
  132  18:30  Hydralisk x2  
  134  18:55  Drone x6  
  135  18:56  Drone x3  
  123  20:41  Hatchery  
  120  20:47  Hatchery  
Tags
 
Composition
Lurkers
League
GoldGold
Matchup
TvZ
Replay Pack
MrFercho
Spawn Locations
Cross Positions
Add a new tag
Caveats
  • Supply blocks, unpowered buildings, or Contaminate may cause inaccurate times.
  • Supply counts are checked every 10 seconds.